 Dungeon Crawl Stone Soup version 0.29.1-2-gbd0b4ee654 (webtiles) character file.

Game seed: 6623556249046547778

215 fireball365 the Chopper (level 5, -2/45 HPs)
             Began as a Minotaur Fighter on Oct 26, 2022.
             Was a Believer of Dithmenos.
             Slain by a kobold brigand
             ... wielding a +1 whip of electrocution
              (17 damage)
             ... in a sewer.
             The game lasted 00:08:54 (2523 turns).

fireball365 the Chopper (Minotaur Fighter)          Turns: 2523, Time: 00:08:56

Health: -2/45      AC:  7    Str: 23    XL:     5   Next: 60%
Magic:  4/4        EV:  9    Int:  5    God:    Dithmenos [**....]
Gold:   155        SH:  4    Dex:  9    Spells: 4/4 levels left

rFire   . . .      SeeInvis .   a - +0 war axe
rCold   . . .      Faith    .   c - +0 buckler
rNeg    . . .      Spirit   .   b - +0 scale mail
rPois   .          Reflect  .   (helmet restricted)
rElec   .          Harm     .   (no cloak)
rCorr   .          Rampage  .   (no gloves)
Will    .....                   (no boots)
Stlth   ..........              k - amulet of the acrobat
HPRegen 0.15/turn               (no ring)
MPRegen 0.09/turn               (no ring)

@: wreathed by umbra
A: horns 2, retaliatory headbutt
a: Renounce Religion, Shadow Step


You were in a sewer.
You worshipped Dithmenos.
Dithmenos was pleased with you.
You visited 1 branch of the dungeon, and saw 3 of its levels.
You also visited: Sewer.

You collected 155 gold pieces.

Inventory:

Hand Weapons
 a - a +0 war axe (weapon)
 q - a +2 spear of venom
Missiles
 g - 63 stones
 p - 4 javelins (quivered)
 r - 3 poisoned darts
Armour
 b - a +0 scale mail (worn)
 c - a +0 buckler (worn)
Jewellery
 k - an amulet of the acrobat (around neck)
Scrolls
 e - 5 scrolls of identify {unknown}
 f - 2 scrolls of acquirement {unknown}
 j - 2 scrolls of immolation {unknown}
 l - a scroll of amnesia {unknown}
 n - a scroll of butterflies {unknown}
 u - a scroll of magic mapping {unknown}
Potions
 d - a potion of might
 h - a potion of haste {unknown}
 i - 2 potions of resistance
 m - a potion of brilliance {unknown}
 o - a potion of heal wounds {unknown}
 s - a potion of degeneration {unknown}
 t - 3 potions of invisibility {unknown}


   Skills:
 - Level 3.6 Fighting
 * Level 5.3 Axes
 + Level 4.9 Armour
 + Level 5.0 Shields


You had 4 spell levels left.
You didn't know any spells.
Your spell library was empty.

Dungeon Overview and Level Annotations

Branches:
Dungeon (3/15)              Sewer (1/1)

Altars:
Dithmenos
Qazlal

Shops:
D:2 =


Innate Abilities, Weirdness & Mutations

You have a pair of horns on your head.
You reflexively headbutt those who attack you in melee.


Message History

You barely miss the adder. Your headbutt misses the adder.
The adder closely misses you. You furiously retaliate!
You headbutt the adder! You slash the adder!
You kill the adder!
Dithmenos accepts your kill.
Your Shields skill increases to level 5!
You see here an adder corpse.
You open the door. 2 kobolds and 2 kobold brigands come into view.
A kobold brigand is wielding a +0 whip and quivering poisoned darts.
A kobold brigand is wielding a +1 whip of electrocution and quivering poisoned darts.
The kobold brigand shouts!
The kobold shouts! x2; The kobold brigand shouts!
Found a scroll labelled LINNED ULOSIL and a potion of resistance.
The kobold brigand completely misses you.
The kobold brigand barely misses you.
There is an open door here.
You slash the kobold brigand! You headbutt the kobold brigand.
The kobold brigand is heavily wounded.
You hit the kobold brigand but do no damage.
The kobold brigand barely misses you.
The kobold brigand hits you with a +0 whip!
You hit the kobold brigand.
Your headbutt misses the kobold brigand.
The kobold brigand is severely wounded.
You hit the kobold brigand but do no damage.
You closely miss the kobold. The kobold hits you with a +0 dagger.
You block the kobold brigand's attack. The kobold brigand barely misses you.
You closely miss the kobold brigand.
The kobold brigand is severely wounded.
You slash the kobold!
You kill the kobold!
Dithmenos accepts your kill.
You closely miss the kobold brigand.
The kobold brigand hits you with a +1 whip of electrocution!
You block the kobold brigand's attack. The kobold barely misses you.
You furiously retaliate!
You headbutt the kobold, but do no damage.
The kobold brigand hits you with a +0 whip.
The kobold brigand hits you with a +1 whip of electrocution.
You are electrocuted!
You die...

≈≈≈≈≈≈≈≈≈≈ ≈≈≈≈≈≈≈
≈≈≈≈≈≈≈≈≈≈≈≈ ≈≈≈≈≈≈≈
≈≈≈≈≈≈≈≈≈≈≈≈ ≈≈≈≈≈≈.
≈≈≈≈≈≈≈≈≈≈ ##~.~~~~
≈≈≈≈≈≈..####....... ≈##
####≈≈~~..##.....##.
≈#..#..#..~..†.......###
≈#?...K#.....†..†...###.
#...K@......####..†.†.
≈#....K#....### ##.††..
≈#.!#..###### ###### ≈##
###


You could see 2 kobold brigands and a kobold.

Vanquished Creatures
  4 gnolls (D:2)
  7 adders
  3 river rats
  3 worms
  3 dart slugs
  2 orcs (D:3)
  5 endoplasms
  4 giant cockroaches
  2 goblins
  2 hobgoblins
  4 quokkas
  4 ball pythons
  2 bats (D:3)
  4 frilled lizards (D:2)
  11 kobolds
  26 rats
86 creatures vanquished.

Vanquished Creatures (others)
  5 fungi (D:2)
  6 plants (D:2)
11 creatures vanquished.

Grand Total: 97 creatures vanquished

Notes
Turn   | Place    | Note
-------+----------+-------------------------------------------
     0 | D:1      | fireball365 the Minotaur Fighter began the quest for the
                  | Orb.
     0 | D:1      | Reached XP level 1. HP: 19/19 MP: 0/0
   557 | D:1      | Reached XP level 2. HP: 26/26 MP: 1/1
   815 | D:1      | You fall into a shaft and drop 1 floor!
   840 | D:2      | Reached XP level 3. HP: 30/31 MP: 2/2
  1061 | D:2      | Found a faded altar of an unknown god.
  1069 | D:2      | Reached XP level 4. HP: 27/39 MP: 3/3
  1381 | D:2      | Prayed at the altar of an unknown god.
  1381 | D:2      | Became a worshipper of Dithmenos the Shadowed
  1381 | D:2      | Reached * piety under Dithmenos
  1484 | D:2      | Found Togen's Jewellery Shop.
  1891 | D:3      | Found a stormy altar of Qazlal.
  1968 | D:3      | Found a glowing drain.
  2031 | Sewer    | Entered a sewer
  2066 | Sewer    | Reached ** piety under Dithmenos
  2068 | Sewer    | Reached XP level 5. HP: 42/45 MP: 4/4
  2160 | Sewer    | Reached skill level 5 in Axes
  2162 | Sewer    | HP: 2/45 [poisoned by an adder]
  2510 | Sewer    | Reached skill level 5 in Shields
  2523 | Sewer    | Slain by a kobold brigand

Illustrated notes

Levels and vault maps discovered:
D:1:      amcnicky_arrival_gap_in_the_tavern_cellar, layout_loops_cross,
          minmay_octomino_j4
D:2:      layout_basic, dreamdust_ecumenical_altar_grove, serial_shops, shop,
          st_stairs_2
D:3:      layout_basic, grunt_qazlal_sundering,
          nicolae_overflow_ecumenical_swirl, gup_sewer_entry_bubbles
Sewer:    sewer_minmay_treatment

Skill      XL: |  1  2  3  4  5 |
---------------+----------------+-----
Axes           | 3 4 5 |  5.3
Armour         | 4 |  4.9
Shields        | 4 5 |  5.0
Fighting       | |  3.6

Action                   |  1- 3 |  4- 6 || total
-------------------------+-------+-------++-------
Melee: War axe           |    41 |   121 ||   162
       Headbutt          |     4 |    11 ||    15
  Use: Potion            |       |     2 ||     2
Armor: Scale mail        |    20 |    45 ||    65
Dodge: Dodged            |    37 |    96 ||   133
Block: Buckler           |     7 |    38 ||    45
